 Dungeon Crawl Stone Soup version 0.29.1-2-gbd0b4ee654 (webtiles) character file.

Game seed: 17230559462936711520

173 Earthwalker the Covered (level 5, -6/47 HPs)
             Began as a Minotaur Fighter on Oct 24, 2022.
             Mangled by a wyvern (9 damage)
             ... on level 4 of the Dungeon.
             The game lasted 00:02:30 (2103 turns).

Earthwalker the Covered (Minotaur Fighter)          Turns: 2103, Time: 00:02:31

Health: -6/47      AC:  7    Str: 22    XL:     5   Next: 28%
Magic:  4/4        EV:  6    Int:  5    God:
Gold:   110        SH:  4    Dex: 10    Spells: 4/4 levels left

rFire   . . .      SeeInvis .   a - +0 war axe
rCold   . . .      Faith    .   c - +0 buckler
rNeg    . . .      Spirit   .   b - +0 scale mail
rPois   .          Reflect  .   (helmet restricted)
rElec   .          Harm     .   (no cloak)
rCorr   .          Rampage  .   (no gloves)
Will    .....                   (no boots)
Stlth   ..........              (no amulet)
HPRegen 0.15/turn               (no ring)
MPRegen 0.09/turn               (no ring)

@: constricted
A: horns 2, retaliatory headbutt
a: no special abilities


You were on level 4 of the Dungeon.
You visited 1 branch of the dungeon, and saw 4 of its levels.

You collected 110 gold pieces.

Inventory:

Hand Weapons
 a - a +0 war axe (weapon)
Missiles
 g - a datura-tipped dart (quivered)
Armour
 b - a +0 scale mail (worn)
 c - a +0 buckler (worn)
Scrolls
 f - 7 scrolls of identify {unknown}
 i - 4 scrolls of noise {unknown}
 k - a scroll of torment {unknown}
 l - a scroll of teleportation {unknown}
 m - a scroll of acquirement {unknown}
Potions
 d - a potion of might
 e - 5 potions of haste {unknown}
 h - a potion of curing {unknown}
 j - a potion of degeneration {unknown}


   Skills:
 + Level 4.7 Fighting
 + Level 3.9 Axes
 + Level 4.8 Armour
 + Level 4.7 Shields


You had 4 spell levels left.
You didn't know any spells.
Your spell library contained the following spells:

 Spells                   Type           Power      Damage    Failure   Level
 Freeze                   Ice            0%         1d3       86%         1
 Frozen Ramparts          Ice            0%         1d1       99%         3
 Hailstorm                Conj/Ice       0%         3d3       100%        4


Dungeon Overview and Level Annotations

Branches:
Dungeon (4/15)
 Temple: D:4-7

Altars:

Shops:
D:3 [=

Annotations:
D:3 Sigmund


Innate Abilities, Weirdness & Mutations

You have a pair of horns on your head.
You reflexively headbutt those who attack you in melee.


Message History

There is an open door here.
The hobgoblin barely misses you. You furiously retaliate!
You headbutt the hobgoblin.
You kill the hobgoblin!
No target in view!
No target in view!
You now have 110 gold pieces (gained 11).
Found a stone staircase leading down.
Found a short sword.
A ball python comes into view.
A wyvern comes into view.
The ball python hisses angrily.
The wyvern hisses angrily.
The ball python bites you. The ball python closely misses you.
You barely miss the ball python.
The ball python bites you but does no damage.
The ball python grabs you. The ball python constricts you.
The wyvern closely misses you. The ball python barely misses you.
The ball python constricts you.
You barely miss the ball python. You barely miss the wyvern.
The wyvern bites you!
The ball python bites you but does no damage.
The ball python constricts you. The wyvern bites you!
You are too injured to fight recklessly!
You are too injured to fight recklessly!
Unknown command.
You slash the wyvern! You headbutt the wyvern.
The wyvern is severely wounded.
You barely miss the ball python. You block the wyvern's attack.
The ball python bites you but does no damage.
The ball python constricts you. The wyvern bites you!
* * * LOW HITPOINT WARNING * * *
The ball python barely misses you. The ball python constricts you.
* * * LOW HITPOINT WARNING * * *
You hit the wyvern but do no damage. Your headbutt misses the wyvern.
The wyvern is severely wounded.
You closely miss the ball python. The wyvern bites you.
* * * LOW HITPOINT WARNING * * *
The ball python bites you but does no damage.
The ball python constricts you. The wyvern bites you!
You die...

..............
.............
............
...........#
...........#
........^..# ...
...........# ...
......S@...# ...
.......l...# #.####
...........# #.....
...........# #.....
...........# ####.....
....)......# #........
...........#####..##....
...............#.#.+....
........#.....#.#....


You could see a wyvern and a ball python.

Vanquished Creatures
  A black bear (D:4)
  2 adders (D:2)
  A gnoll (D:1)
  2 worms
  2 dart slugs
  3 endoplasms
  4 giant cockroaches (D:1)
  3 goblins
  8 hobgoblins
  2 quokkas
  3 ball pythons
  A bat (D:3)
  2 frilled lizards
  4 kobolds
38 creatures vanquished.

Notes
Turn   | Place    | Note
-------+----------+-------------------------------------------
     0 | D:1      | Earthwalker the Minotaur Fighter began the quest for the
                  | Orb.
     0 | D:1      | Reached XP level 1. HP: 19/19 MP: 0/0
    70 | D:1      | Reached XP level 2. HP: 27/27 MP: 1/1
   157 | D:1      | Found a faded altar of an unknown god.
   477 | D:1      | Reached XP level 3. HP: 31/33 MP: 2/2
  1548 | D:3      | Reached XP level 4. HP: 35/40 MP: 3/3
  1588 | D:3      | Found Qetrarem's Armour Emporium.
  1590 | D:3      | Found Lenugiy's Jewellery Shop.
  1817 | D:3      | Noticed Sigmund
  1906 | D:4      | Noticed a black bear
  1919 | D:4      | Killed a black bear
  1920 | D:4      | Reached XP level 5. HP: 27/47 MP: 4/4
  2097 | D:4      | Noticed a wyvern
  2103 | D:4      | Mangled by a wyvern

Illustrated notes

Levels and vault maps discovered:
D:1:      eino_arrival_druids_welcome, layout_rooms,
          ebering_ecumenical_altar_box
D:2:      layout_basic, nicolae_elevator_lobby_asterisk
D:3:      layout_rooms, serial_shops, nicolae_shop_advertising_works
          [nicolae_subvault_shop_adworks], shop, minmay_fractal_squares_5,
          uniq_sigmund
D:4:      layout_basic

Skill      XL: |  1  2 |
---------------+-------+-----
Fighting       | 4 |  4.7
Armour         | 4 |  4.8
Shields        | 4 |  4.7
Axes           | 3 |  3.9

Action                   |  1- 3 |  4- 6 || total
-------------------------+-------+-------++-------
Melee: War axe           |    75 |    23 ||    98
       Headbutt          |     9 |     2 ||    11
Throw: Dart              |       |     1 ||     1
Armor: Scale mail        |    41 |    15 ||    56
Dodge: Dodged            |    33 |    14 ||    47
Block: Buckler           |    14 |     2 ||    16
